 Dungeon Crawl Stone Soup version bcrawl-1.13 (webtiles) character file.

Game seed: 9181270200461727841

218 Camlann the Poker (level 5, -4/41 HPs)
             Began as a Demonspawn Archaeologist on July 27, 2019.
             Slain by an ogre
             ... wielding a +0 giant club
              (24 damage)
             ... on level 4 of the Dungeon.
             The game lasted 00:03:20 (2508 turns).

Camlann the Poker (Demonspawn Archaeologist)        Turns: 2508, Time: 00:03:21

Health: -4/41      AC:  7    Str: 11    XL:     5   Next: 63%
Magic:  5/5        EV:  9    Int: 20    God:
Gold:   134        SH:  0    Dex: 11    Spells: 4/4 levels left

rFire    . . .     SeeInvis .   h - +2 dagger (elec)
rCold    . . .     Gourm    .   k - +0 shield
rNeg     . . .     Faith    .   b - +1 robe
rPois    .         Spirit   .   c - +1 hat
rElec    .         Reflect  .   n - +0 cloak
rCorr    .         Harm     .   (no gloves)
MR       .....                  d - +1 pair of boots
Stlth    +.........             (no amulet)
HPRegen  0.13/turn              (no ring)
MPRegen  0.09/turn              (no ring)

@: confused, brilliant, very slightly contaminated, studying Polearms, invisible
A: hooves 1, large bone plates 1, demonic guardian 1, weak 1, rot immunity
a: no special abilities


You were on level 4 of the Dungeon.
You were not hungry.

You visited 1 branch of the dungeon, and saw 4 of its levels.

You collected 134 gold pieces.

Inventory:

Hand Weapons
 h - a +2 dagger of electrocution (weapon)
Armour
 b - a +1 robe (worn)
 c - a +1 hat (worn)
 d - a +1 pair of boots (worn)
 k - a +0 shield (worn)
 n - a +0 cloak (worn)
Wands
 l - a wand of flame (19)
Scrolls
 a - 4 scrolls of identify
 i - a scroll of enchant weapon {unknown}
 j - a scroll of enchant armour {unknown}
 p - 4 scrolls of remove curse
Books
 e - a manual of Polearms
Miscellaneous
 f - an ancient crate
Comestibles
 g - 3 rations {!d}


   Skills:
 - Level 3.0 Fighting
   Level 0.8 Maces & Flails
 + Level 6.1 Polearms
 - Level 2.6 Dodging
 - Level 3.0 Stealth


You had 4 spell levels left.
You didn't know any spells.
Your spell library was empty.

Dungeon Overview and Level Annotations

Branches:
Dungeon (4/12)             Temple (0/1) D:4

Altars:
Elyvilon
Kikubaaqudgha
Vehumet

Annotations:
D:3 1 runed door, skelma's ghost, amateur OnWz


Innate Abilities, Weirdness & Mutations

You are partially covered in large bone plates. (SH +4)
A weak demonic guardian rushes to your aid.
You are immune to rotting.
You have large cloven feet.
You are weak. (Str -2)


Message History

Your quasit closely misses the scorpion.
The scorpion stings your quasit but does no damage.
You are very lightly contaminated with residual magic.
It was a potion of ambrosia.
You are confused.
You feel invigorated.
Your quasit closely misses the scorpion.
Your quasit claws the scorpion but does no damage. x2
The ogre completely misses you. The scorpion misses your quasit.
You nearly stumble into some deep water!
Your quasit barely misses the scorpion.
Your quasit claws the scorpion but does no damage.
Your quasit barely misses the scorpion.
The scorpion stings your quasit.
You bump into the stone wall.
Your quasit closely misses the scorpion.
Your quasit claws the scorpion.
Your quasit claws the scorpion but does no damage.
The ogre hits you with a +0 giant club!!
Ouch! That really hurt!
You die...

#####.....#.8.#.
##.....#..........
##...........^#.#.#
#.........<.......#
#...........5†.#...
#................##
#.....≈≈≈≈≈...%....
#.....≈###≈......##
#....5s@O†.......#
##....≈###≈......#
##.$.≈ ≈≈....#.#
###.# ######.### #.
.# .. ## .. ..


You could see an ogre, a scorpion and a friendly quasit.

Vanquished Creatures
  A scorpion (D:4)
  Crazy Yiuf (D:3)
  Terence (D:3)
  A worker ant (D:3)
  2 adders (D:3)
  2 worms
  2 dart slugs
  2 leopard geckos
  3 giant cockroaches
  4 goblins (D:1)
  9 hobgoblins
  8 jackals
  8 kobolds
  2 quokkas
  5 bats
  5 frilled lizards
  7 rats
63 creatures vanquished.

Vanquished Creatures (collateral kills)
  A worm (D:4)
1 creature vanquished.

Grand Total: 64 creatures vanquished

Notes
Turn   | Place    | Note
-------+----------+-------------------------------------------
     0 | D:1      | Camlann the Demonspawn Archaeologist began the quest for
                  | the Orb.
     0 | D:1      | Reached XP level 1. HP: 15/15 MP: 1/1
   105 | D:1      | Gained mutation: You are immune to rotting. [demonic
                  | ancestry]
   105 | D:1      | Reached XP level 2. HP: 18/22 MP: 2/2
   872 | D:1      | Gained mutation: You are partially covered in large bone
                  | plates. (SH +4) [demonic ancestry]
   872 | D:1      | Reached XP level 3. HP: 29/29 MP: 3/3
  1030 | D:2      | Reached skill level 1 in Polearms
  1236 | D:2      | Reached skill level 2 in Polearms
  1885 | D:2      | Gained mutation: You are weak. (Str -2) [potion of
                  | mutation]
  1885 | D:2      | Gained mutation: You have large cloven feet. [potion of
                  | mutation]
  2011 | D:3      | Found a runed door.
  2031 | D:3      | Found a runed translucent door.
  2031 | D:3      | Noticed a bullfrog
  2053 | D:3      | Noticed Crazy Yiuf
  2058 | D:3      | Killed Crazy Yiuf
  2058 | D:3      | Reached skill level 3 in Polearms
  2058 | D:3      | Reached XP level 4. HP: 35/35 MP: 4/4
  2086 | D:3      | Noticed skelma's ghost (amateur OnWz)
  2094 | D:3      | Reached skill level 4 in Polearms
  2207 | D:3      | Noticed Terence
  2223 | D:3      | Killed Terence
  2223 | D:3      | Reached skill level 5 in Polearms
  2223 | D:3      | Gained mutation: A weak demonic guardian rushes to your
                  | aid. [demonic ancestry]
  2223 | D:3      | Reached XP level 5. HP: 32/41 MP: 5/5
  2279 | D:3      | Found a white marble altar of Elyvilon.
  2283 | D:3      | Found a radiant altar of Vehumet.
  2474 | D:4      | Noticed an ogre
  2480 | D:4      | Found a staircase to the Ecumenical Temple.
  2485 | D:4      | Found an ancient bone altar of Kikubaaqudgha.
  2498 | D:4      | Reached skill level 6 in Polearms
  2508 | D:4      | Slain by an ogre

Skill      XL: |  1  2  3  4  5 |
---------------+----------------+-----
Fighting       | 2 3 |  3.0
Polearms       | 3 5 6 |  6.1
Maces & Flails | |  0.8
Dodging        | |  2.6
Stealth        | |  3.0

Action                   |  1- 3 |  4- 6 || total
-------------------------+-------+-------++-------
Melee: Whip              |    50 |       ||    50
       Dagger            |   100 |    57 ||   157
  Use: Potion            |     4 |     3 ||     7
       Scroll            |     2 |       ||     2
 Stab: Sleeping          |     8 |     3 ||    11
  Eat: Chunk             |     4 |     1 ||     5
Armor: Robe              |    53 |    15 ||    68
Dodge: Dodged            |    99 |    17 ||   116
Block: Shield            |    10 |    31 ||    41
       Other             |     4 |       ||     4
